 Dungeon Crawl Stone Soup version 0.31-a0-986-g5e6e4ef867 (webtiles) character file.

Game seed: 3654262248391654021

344 ytrimaz the Covert (level 6, -4/41 HPs)
             Began as an Octopode Shapeshifter on Nov 6, 2023.
             Was an Initiate of Ashenzari.
             Slain by an ogre
             ... wielding a +0 giant club
              (24 damage)
             ... on level 4 of the Dungeon.
             The game lasted 00:06:34 (4036 turns).

ytrimaz the Covert (Octopode Shapeshifter)          Turns: 4036, Time: 00:06:35

Health: -4/41      AC:  1    Str: 14    XL:     6   Next: 58%
Magic:  6/6        EV: 13    Int: 12    God:    Ashenzari [......]
Gold:   245        SH:  0    Dex: 13    Spells: 5/5 levels left

rFire   . .          .
                       - Unarmed
rCold   . . .        (no shield)
rNeg    . . .        (helmet currently unavailable)
rPois   .            (no amulet)
rElec   .            m - ring of resist corrosion
rCorr   +            r - ring of wizardry
SInv    .            (no ring)
Will    .....        (no ring)
Stlth   +++++        (no ring)
HPRegen 0.26/turn    (no ring)
MPRegen 0.10/turn    (no ring)
                     (no ring)

%: wizardry (x1)
@: beast-form
A: beast (slay +1), almost no armour, amphibious, 8 rings, camouflage 1,
gelatinous body 1, (nimble swimmer 1), tentacles, mutation resistance 1, robust
1, screaming 1
a: Begin Untransformation, Renounce Religion


You were on level 4 of the Dungeon.
You worshipped Ashenzari.
Ashenzari was noncommittal.
You were a hulking beast.
You visited 2 branches of the dungeon, and saw 5 of its levels.

You collected 245 gold pieces.


Innate Abilities, Weirdness & Mutations

You are a hulking beast.
Your limbs bulge with bestial killing power. (Slay +1)
You cannot wear most types of armour.
You are amphibious.
You can wear up to eight rings at the same time.
Your skin changes colour to match your surroundings (Stealth+).
Your rubbery body absorbs attacks. (AC +1, EV +1)
((You are camouflaged when in or above water. (Stealth+)))
You have tentacles for arms and can constrict up to eight enemies at once.
You are somewhat resistant to further mutation.
You are robust. (+10% HP)
You occasionally shout uncontrollably at your foes.


   Skills:
 - Level 1.0 Fighting
 - Level 2.0 Dodging
 + Level 9.2 Stealth
 - Level 3.0 Unarmed Combat
 - Level 3.0 Shapeshifting


You had 5 spell levels left.
You didn't know any spells.
Your spell library contained the following spells:

 Spells                   Type           Power      Damage    Failure   Level
 Sandblast                Erth           0%         2d4       13%         1
 Blink                    Tloc           0%         N/A       21%         2
 Ensorcelled Hibernation  Hex/Ice        0%         N/A       21%         2
 Jinxbite                 Hex            0%         N/A       21%         2
 Lesser Beckoning         Tloc           0%         N/A       21%         2
 Momentum Strike          Conj/Tloc      0%         3d8       21%         2
 Passwall                 Tmut/Erth      0%         N/A       21%         2
 Stone Arrow              Conj/Erth      0%         3d7       36%         3
 Anguish                  Hex/Necr       0%         N/A       75%         4
 Brom's Barrelling Bould  Conj/Erth      0%         2d3       75%         4

Inventory:

Jewellery
 m - a ring of resist corrosion (left tentacle)
   (You found it on level 2 of the Dungeon)
 r - a ring of wizardry (right tentacle)
   (You found it on level 4 of the Dungeon)
Talismans
 b - a beast talisman
 c - a flux talisman
Scrolls
 a - 3 scrolls of teleportation
 d - a scroll of blinking {unknown}
 g - a scroll of fog {unknown}
 h - a scroll of amnesia
 k - a scroll of vulnerability
 n - a scroll of poison {unknown}
 o - a scroll of enchant weapon {unknown}
Potions
 e - a potion of curing {unknown}
 f - 3 potions of haste
 j - a potion of heal wounds {unknown}
 l - 3 potions of attraction
 s - a potion of enlightenment {unknown}

Dungeon Overview and Level Annotations

Branches:
Dungeon (4/15) Zot: 20002  Temple (1/1) D:4 Zot: 5976

Altars:
Ashenzari
Cheibriados
Dithmenos
Elyvilon
Fedhas
Makhleb
Nemelex Xobeh
Okawaru
Qazlal
Sif Muna
Trog
Uskayaw
Vehumet
Wu Jian
Xom
Yredelemnul
Zin

###....# # #..#.#
###>...# .....#.#
###.##.########
#.##......[..
#.##########. ###
##+## #.##.##
##...## #.Oh..#
#.....### ## ####.##
......#######.###.##
......+J+..##.>....#
......###...#...#..#
....g.###...#..##..#
......'.'._.#.###..#
#.)...###...#.##...#
##....###...#......#


You could see an ogre.


Message History

You tentacle-slap something.
Reactivating autopickup.
You feel a bit more experienced.
Unknown command.
You tentacle-slap the orc. You grab the orc. You constrict the orc.
You kill the orc! 😱 HP[+1]
You closely miss the orc. You grab the orc. You constrict the orc.
The orc hits you with a +0 short sword.
* * * LOW HITPOINT WARNING * * *
😱 HP[-3]
You take 3 damage, and now have 5/41 hp.
Unknown command.
You tentacle-slap the orc.
You kill the orc!
Your Stealth skill increases to level 9!
You feel a little less clever now.
Key pressed, stopping explore.
Unknown command. 😮 HP[+16]
You regained 16 hp, and now have 21/41 hp.
Key pressed, stopping explore.
Items here: ))) [[ ††.
Key pressed, stopping explore.
An orc comes into view. It is wielding a +0 mace. 😎 HP[+20]
Your hp is fully restored (41).
An orc is nearby!
An orc is nearby!
An orc is nearby!
You open the door.
The orc shouts!
Okay, then.
The orc hits you with a +0 mace! 😕 HP[-7]
You take 7 damage, and now have 34/41 hp.
You tentacle-slap the orc. You grab the orc.
You constrict the orc, but do no damage.
The orc hits you with a +0 mace. 😕 HP[-1]
You take 1 damage, and now have 33/41 hp.
You tentacle-slap the orc.
You kill the orc!
Unknown command.
No target in view!
No target in view!
You now have 228 gold pieces (gained 9).
You now have 245 gold pieces (gained 17).
You feel as though Xom is toying with you.
Suddenly, the walls become transparent! 😎 HP[+8]
Your hp is fully restored (41).
You open the door.
A jelly comes into view.
A jelly is nearby!
A jelly is nearby!
A jelly is nearby!
Unknown command.
A jelly is nearby!
There is an open door here.
You catch the helpless jelly completely off-guard!
You tentacle-slap the jelly.
Your tentacles burn! 😕 HP[-1]
You take 1 damage, and now have 40/41 hp.
You tentacle-slap the jelly.
Your tentacles burn!
The jelly hits you.
You are splashed with acid.
You resist. 😕 HP[-8]
You take 8 damage, and now have 32/41 hp.
Unknown command.
You tentacle-slap the jelly.
Your tentacles burn!
The jelly closely misses you.
You barely miss the jelly. The jelly closely misses you.
You bludgeon the jelly!
You kill the jelly!
Unknown command.
Unknown command.
You start resting. 😎 HP[+9]
Your hp is fully restored (41).
Unknown command.
There is an open door here.
There is an open door here.
You open the door.
Found a shimmering altar of Xom.
Found a stone staircase leading down.
There is an open door here.
There is an open door here.
There is an open door here.
You open the door.
An ogre comes into view. It is wielding a +0 giant club.
The helpless ogre fails to defend itself.
You tentacle-slap the ogre. You squeeze the ogre!
The ogre hits you with a +0 giant club!!
Ouch! That really hurt!
* * * LOW HITPOINT WARNING * * *
😨 HP[-21]
You take 21 damage, and now have 20/41 hp.
MASSIVE DAMAGE!! (PAUSE)
You tentacle-slap the ogre but do no damage.
The ogre hits you with a +0 giant club!!
Ouch! That really hurt!
You die...

Skill      XL: |  1  2  3  4  5  6 |
---------------+-------------------+-----
Stealth        | 2 3 5 6 8 9 |  9.2
Fighting       | |  1.0
Dodging        | |  2.0
Unarmed Combat | |  3.0
Shapeshifting  | |  3.0

Action                     |  1- 3 |  4- 6 || total
---------------------------+-------+-------++-------
  Melee: Unarmed           |    83 |   167 ||   250
         Constrict         |    20 |    33 ||    53
         Tentacles         |    12 |    29 ||    41
         Punch             |     1 |     2 ||     3
    Use: Scroll            |     1 |     6 ||     7
         Potion            |     1 |     3 ||     4
   Stab: Sleeping          |     9 |    31 ||    40
         Distracted        |       |     3 ||     3
 Armour: Skin              |    33 |    90 ||   123
  Dodge: Dodged            |    37 |    50 ||    87

Levels and vault maps discovered:
D:1:      eino_arrival_druids_welcome, layout_loops_cross, serial_forest,
          infiniplex_forest_end_1, infiniplex_forest_lined_room_2,
          infiniplex_forest_clump_curved, infiniplex_forest_diagonal,
          infiniplex_forest_lined_3, infiniplex_forest_zigzag_1,
          infiniplex_forest_diagonal, serial_park_tiny_2, minmay_tetromino_s4
D:2:      wad_river_or_something, layout_basic,
          minmay_fractal_squares_gapless_5, uniq_robin
D:3:      layout_rooms, serial_park_tiny_pond, hangedman_decor_diamond_cutter
D:4:      layout_loops_corners, dk_xom_monty_hall,
          minmay_temple_entry_nine_rooms
Temple:   lightli_temple_of_artemis

Notes
Turn   | Place    | Note
-------+----------+-------------------------------------------
     0 | D:1      | ytrimaz the Octopode Shapeshifter began the quest for the
                  | Orb.
     0 | D:1      | Reached XP level 1. HP: 13/13 MP: 1/1
     0 | D:1      | magus.rc [v1.9.6]
    38 | D:1      | Reached skill level 1 in Stealth
   212 | D:1      | Reached skill level 2 in Stealth
   214 | D:1      | Reached XP level 2. HP: 12/18 MP: 2/2
   294 | D:1      | Reached skill level 3 in Stealth
   586 | D:1      | Reached XP level 3. HP: 23/23 MP: 3/3
   702 | D:1      | Reached skill level 4 in Stealth
   997 | D:2      | Noticed Robin
  1009 | D:2      | HP: 4/23 [Robin/+0 dagger (3)]
  1010 | D:2      | Killed Robin
  1015 | D:2      | Reached skill level 5 in Stealth
  1016 | D:2      | HP: 4/34 [goblin/+0 dagger[Robin] (5)]
  1024 | D:2      | HP: 4/34 [hobgoblin[Robin] (1)]
  1026 | D:2      | Reached XP level 4. HP: 6/28 MP: 4/4
  1187 | D:2      | You pick up a book of Dreams and begin reading...
  1187 | D:2      | You add the spells Jinxbite, Ensorcelled Hibernation and
                  | Anguish to your library.
  1534 | D:2      | Reached skill level 6 in Stealth
  1939 | D:2      | Reached XP level 5. HP: 29/33 MP: 5/5
  2469 | D:3      | You pick up a book of Spatial Translocations and begin
                  | reading...
  2469 | D:3      | You add the spells Blink, Momentum Strike and Lesser
                  | Beckoning to your library.
  2673 | D:3      | Reached skill level 7 in Stealth
  3357 | D:4      | Found a staircase to the Ecumenical Temple.
  3366 | Temple   | Entered the Ecumenical Temple
  3378 | Temple   | Became a worshipper of Ashenzari the Shackled
  3561 | D:4      | Reached skill level 8 in Stealth
  3561 | D:4      | Reached XP level 6. HP: 38/38 MP: 6/6
  3649 | D:4      | You pick up a book of Geomancy and begin reading...
  3649 | D:4      | You add the spells Sandblast, Passwall, Stone Arrow and
                  | Brom's Barrelling Boulder to your library.
  3727 | D:4      | Gained mutation: You are somewhat resistant to further
                  | mutation. [potion of mutation]
  3727 | D:4      | Gained mutation: You occasionally shout uncontrollably at
                  | your foes. [potion of mutation]
  3727 | D:4      | Gained mutation: You are robust. (+10% HP) [potion of
                  | mutation]
  3734 | D:4      | HP: 7/41 [something (4)]
  3739 | D:4      | Reached skill level 9 in Stealth
  3991 | D:4      | Found a shimmering altar of Xom.
  4036 | D:4      | Slain by an ogre

Vanquished Creatures
  An orc priest (D:4)
  A jelly (D:4)
  An iguana (D:4)
  2 orc wizards (D:4)
  Robin (D:2)
  3 adders
  A shadow imp (D:3)
  A white imp (D:3)
  3 worms (D:2)
  5 dart slugs
  6 orcs
  4 ball pythons
  5 bats
  11 endoplasms
  4 giant cockroaches
  15 goblins
  10 hobgoblins
  7 jackals
  6 quokkas
  4 frilled lizards
  13 kobolds
  9 rats
113 creatures vanquished.

Vanquished Creatures (others)
  An orc wizard (D:4)
1 creature vanquished.

Grand Total: 114 creatures vanquished

Table legend:
 A = Non-vault XP
 B = Vault XP
 C = Vault XP percentage of total XP
 D = Non-vault monster count
 E = Vault monster count
 F = Vault count percentage of total count
                 A         B        C        D         E       F
            +---------+---------+-------+---------+---------+-------
      Total |     387 |     105 |  21.3 |      91 |      23 |  20.2
            +---------+---------+-------+---------+---------+-------
        D:1 |      50 |       3 |   5.7 |      28 |       2 |   6.7
        D:2 |      65 |      62 |  48.8 |      22 |      20 |  47.6
        D:3 |      53 |       0 |   0.0 |      21 |       0 |   0.0
        D:4 |     219 |      40 |  15.4 |      20 |       1 |   4.8
            +---------+---------+-------+---------+---------+-------

Skill      XL: |  1  2  3  4  5  6 |
---------------+-------------------+-----
Stealth        | 2 3 5 6 8 9 |  9.2
Fighting       | |  1.0
Dodging        | |  2.0
Unarmed Combat | |  3.0
Shapeshifting  | |  3.0

Action                     |  1- 3 |  4- 6 || total
---------------------------+-------+-------++-------
  Melee: Unarmed           |    83 |   167 ||   250
         Constrict         |    20 |    33 ||    53
         Tentacles         |    12 |    29 ||    41
         Punch             |     1 |     2 ||     3
    Use: Scroll            |     1 |     6 ||     7
         Potion            |     1 |     3 ||     4
   Stab: Sleeping          |     9 |    31 ||    40
         Distracted        |       |     3 ||     3
 Armour: Skin              |    33 |    90 ||   123
  Dodge: Dodged            |    37 |    50 ||    87

Illustrated notes

Table legend:
 A = Kills in this place as a percentage of kills in the entire game.
 B = Kills by you in this place as a percentage of kills by you in the entire game.
 C = Kills by friends in this place as a percentage of kills by friends in the entire game.
 D = Other kills in this place as a percentage of other kills in the entire game.
 E = Experience gained in this place as a percentage of experience gained in the entire game.
 F = Experience gained in this place divided by the number of levels of this place that you have seen.
                   A       B       C       D       E      F
               +-------+-------+-------+-------+-------+----------------------
         Total | 100.0 | 100.0 |   N/A | 100.0 | 100.0 |  98.4
       Dungeon | 100.0 | 100.0 |   N/A | 100.0 | 100.0 | 123.0
               +-------+-------+-------+-------+-------+----------------------

Table legend: (Time is in decaauts)
 A = Elapsed time spent in this place.
 B = Non-inter-level travel time spent in this place.
 C = Inter-level travel time spent in this place.
 D = Time resting spent in this place.
 E = Time spent auto-exploring this place.
 F = Levels seen in this place.
 G = Mean time per level.
                   A        B        C        D        E       F      G
               +--------+--------+--------+--------+--------+-----+--------+
         Total |   4020 |   3929 |     91 |     38 |   3094 |   5 |  804.0 |
       Dungeon |   3996 |   3915 |     81 |     38 |   3094 |   4 |  999.0 |
        Temple |     23 |     13 |     10 |      0 |      0 |   1 |   23.0 |
               +--------+--------+--------+--------+--------+-----+--------+

Top non-repeatable levels by time:
     D:2: 1474 daAuts
     D:1: 951 daAuts
     D:4: 921 daAuts
     D:3: 649 daAuts
  Temple: 23 daAuts
